 Dungeon Crawl Stone Soup version 0.23-a0-473-gc8aadda (webtiles) character file.

149 Amnesiac the Digger (level 5, -6/37 (38) HPs)
             Began as a Ghoul Earth Elementalist on Nov 27, 2018.
             Mangled by a centaur (7 damage)
             ... on level 4 of the Dungeon.
             The game lasted 00:02:30 (842 turns).

Amnesiac the Digger (Ghoul Earth Elementalist)       Turns: 842, Time: 00:02:31

HP:   -6/37 (38)    AC:  2    Str:  8 (12) XL:     5   Next: 31%
MP:   5/8           EV: 12    Int:  7 (11) God:
Gold: 90            SH:  0    Dex:  7 (9)  Spells: 6/9 levels left

rFire    . . .     SeeInvis .   (no weapon)
rCold    + . .     Gourm    .   (no shield)
rNeg     + + +     Faith    .   j - +0 robe (curse)
rPois    ∞         Spirit   .   (no helmet)
rElec    .         Reflect  .   (no cloak)
rCorr    .         Harm     .   (no gloves)
MR       .....                  (no boots)
Stlth    ++........             (no amulet)
HPRegen  0.00/turn              (no ring)
MPRegen  0.11/turn              (no ring)

@: rotting
A: rotting body, claws 1, carnivore, cold resistance 1, negative energy
resistance 3, inhibited regeneration, torment resistance, unbreathing
a: no special abilities


You were on level 4 of the Dungeon.
You were not hungry.

You visited 1 branch of the dungeon, and saw 5 of its levels.

You collected 90 gold pieces.

Inventory:

Missiles
 b - 50 stones (quivered)
Armour
 j - a cursed +0 robe (worn)
Jewellery
 h - an uncursed ring of ice
Wands
 f - a wand of polymorph (11)
Scrolls
 a - 3 scrolls of identify {!r, unknown}
 i - a scroll of remove curse {!r, unknown}
Potions
 e - a potion of degeneration {!q}
Comestibles
 d - 2 rations


   Skills:
 - Level 1.7 Dodging
 - Level 2.1 Stealth
 + Level 2.9 Spellcasting
 - Level 0.8 Transmutations
 * Level 5.5 Earth Magic


You had 6 spell levels left.
You knew the following spells:

 Your Spells              Type           Power        Failure   Level  Hunger
a - Sandblast             Erth           #.....       3%          1    ##.....
b - Passwall              Tmut/Erth      #.......     14%         2    ###....

Your spell library contained the following spells:

 Spells                   Type           Power        Failure   Level  Hunger
 Stone Arrow              Conj/Erth      #.....       32%         3    ####...
 Petrify                  Tmut/Erth      #.......     67%         4    #####..
 Lee's Rapid Deconstruct  Erth           #.........   69%         5    ######.


Dungeon Overview and Level Annotations

Branches:
Dungeon (5/15)
 Temple: D:4-7

Altars:
Makhleb


Innate Abilities, Weirdness & Mutations

Your body is rotting away.
You thrive on raw meat.
You are immune to poison.
You have sharp fingernails.
You are carnivorous and can eat meat at any time.
Your flesh is cold resistant. (rC+)
You are immune to negative energy. (rN+++)
You do not regenerate when monsters are visible.
You are immune to unholy pain and torment.
You can survive without breathing.


Message History

You see here an arrow.
Really quaff
e - 2 puce potions {!q}?
It was a potion of degeneration {!q}.
There was something very wrong with that liquid.
You feel weakened.
You feel dopey.
You feel clumsy.
Really quaff
c - a metallic dark potion {!q}?
It was a potion of mutation {!q}.
You feel extremely strange.
Your body decomposes!
You feel dopey.
Your body decomposes!
You feel dopey.
Your body decomposes!
You feel weakened.
Your body decomposes!
You feel clumsy.
Unknown command.
Really quaff
g - a purple potion {!q}?
It was a potion of magic {!q}.
Magic courses through your body.
The centaur unwields a +0 shortbow.
The centaur barely misses you.
Casting: Sandblast (safe; 3% risk of failure)
Confirm with . or Enter, or press ? or * to list all spells.
Aiming: Sandblast (safe; 3% risk of failure)
Press: ? - help, Shift-Dir - straight line, f - centaur
Aim: a centaur The blast of sand hits the centaur.
The centaur is lightly wounded.
b - 53 stones The centaur hits you.
* * * LOW HITPOINT WARNING * * *
The centaur hits you.
* * * LOW HITPOINT WARNING * * *
Unknown command.
Casting: Sandblast (safe; 3% risk of failure)
Confirm with . or Enter, or press ? or * to list all spells.
Aiming: Sandblast (safe; 3% risk of failure)
Press: ? - help, Shift-Dir - straight line, f/p - centaur
Aim: a centaur (lightly wounded)
The blast of sand hits the centaur.
The centaur is heavily wounded.
b - 52 stones The centaur hits you.
* * * LOW HITPOINT WARNING * * *
Unknown command.
Casting: Sandblast (safe; 3% risk of failure)
Confirm with . or Enter, or press ? or * to list all spells.
Aiming: Sandblast (safe; 3% risk of failure)
Press: ? - help, Shift-Dir - straight line, f/p - centaur
Aim: a centaur (heavily wounded)
The blast of sand hits the centaur.
The centaur is severely wounded.
b - 51 stones The centaur completely misses you.
The centaur drinks a potion.
The centaur is healed!
Unknown command.
Casting: Sandblast (safe; 3% risk of failure)
Confirm with . or Enter, or press ? or * to list all spells.
Aiming: Sandblast (safe; 3% risk of failure)
Press: ? - help, Shift-Dir - straight line, f/p - centaur
Aim: a centaur (moderately wounded)
The blast of sand hits the centaur.
The centaur is heavily wounded.
b - 50 stones The centaur hits you!
You die...

############.PP
#####............PP
#...........###.).PP
#...........# ...
#...........###...## #
#...........@.......
#..........c#####.##
#.........(((..?c...
####......#.##.#####.##
.......<.......##
######÷.........
#...........
#...........
#..>.........


You could see a centaur.

Vanquished Creatures
  An ogre (D:4)
  A centaur skeleton (D:4)
  An iguana (D:4)
  A worm (D:2)
  A dart slug (D:1)
  A leopard gecko (D:4)
  2 hobgoblins (D:1)
  A quokka (D:4)
  A bat (D:1)
  2 frilled lizards (D:4)
  A rat (D:1)
13 creatures vanquished.

Notes
Turn   | Place    | Note
-------+----------+-------------------------------------------
     0 | D:1      | Amnesiac the Ghoul Earth Elementalist began the quest for
                  | the Orb.
     0 | D:1      | Reached XP level 1. HP: 14/14 MP: 2/2
   360 | D:1      | Reached XP level 2. HP: 16/20 MP: 4/4
   364 | D:1      | Learned a level 2 spell: Passwall
   498 | D:4      | Found a burning altar of Makhleb.
   537 | D:5      | Entered Level 5 of the Dungeon
   538 | D:5      | Noticed a sky beast
   640 | D:4      | Reached skill level 4 in Earth Magic
   640 | D:4      | Reached XP level 3. HP: 22/26 MP: 0/5
   712 | D:4      | Noticed an ogre
   716 | D:4      | Killed an ogre
   716 | D:4      | Reached skill level 5 in Earth Magic
   716 | D:4      | Reached XP level 4. HP: 33/33 MP: 1/7
   716 | D:4      | Reached XP level 5. HP: 38/38 MP: 1/8
   831 | D:4      | Noticed a centaur
   840 | D:4      | HP: 1/37 [centaur (2)]
   842 | D:4      | Mangled by a centaur

Vault maps used:
D:1:      evilmike_arrival_rings, minmay_misc_feat_chi,
          chequers_serial_rivers_small_a, minmay_misc_feat_four_crosses,
          minmay_split_cup_large
D:2:      serial_corexii_hall, chequers_hall_statues_corner_a,
          chequers_hall_statues_corner_a, nemelex_spade_bored_becter
D:3:      first_ration, minmay_misc_feat_tower, uniq_natasha
D:4:      fedhas_bush_and_centaur_altar, bloody_makhleb
D:5:      nicolae_overflow_hidden_temple, elyvilon_altar_4, serial_shops, shop,
          serial_park_tiny_2, kennysheep_pointless_box, uniq_blork_the_orc,
          uniq_ijyb, uniq_prince_ribbit1

Skill      XL: |  1  2  3 |
---------------+----------+-----
Spellcasting   | 2 |  2.9
Earth Magic    | 4 5 |  5.5
Dodging        | |  1.7
Stealth        | |  2.1
Transmutations | |  0.8

Action                   |  1- 3 |  4- 6 || total
-------------------------+-------+-------++-------
Melee: Unarmed           |    33 |    17 ||    50
 Cast: Sandblast         |    21 |    12 ||    33
  Use: Potion            |       |     3 ||     3
  Eat: Chunk             |     6 |     4 ||    10
Armor: Robe              |     8 |     1 ||     9
Dodge: Dodged            |    29 |    26 ||    55

Table legend:
 A = Non-vault XP
 B = Vault XP
 C = Vault XP percentage of total XP
 D = Non-vault monster count
 E = Vault monster count
 F = Vault count percentage of total count
                 A         B        C        D         E       F
            +---------+---------+-------+---------+---------+-------
      Total |     213 |       0 |   0.0 |      13 |       0 |   0.0
            +---------+---------+-------+---------+---------+-------
        D:1 |      10 |       0 |   0.0 |       5 |       0 |   0.0
        D:2 |       5 |       0 |   0.0 |       1 |       0 |   0.0
        D:4 |     198 |       0 |   0.0 |       7 |       0 |   0.0
            +---------+---------+-------+---------+---------+-------
